Blues vs Canadiens
Created - 6 mars 2014 at 20:19
Goals
|
| Blues |
3 |
0 |
0 |
0 |
1 |
4 |
| Canadiens |
1 |
1 |
1 |
0 |
0 |
3 |
|
Shots
|
| Blues |
12 |
6 |
12 |
0 |
3 |
30 |
| Canadiens |
6 |
5 |
11 |
1 |
3 |
23 |
|
1st period
1. Blues , Nik Antropov 25 (Dan Boyle) at 9:16 (PP)
2. Canadiens , Mike York 23 (Mike Ribeiro, Radim Vrbata) at 13:09
3. Blues , Nik Antropov 26 (Kristopher Letang, Paul Kariya) at 13:55
4. Blues , Petr Schastlivy 12 (Jamie Langenbrunner, Travis Zajac) at 16:17
Penalties :
Radim Vrbata (Mon) for Slashing (Double Minor) at 8:38, Nicklas Lidstrom (Mon) for Tripping (Minor) at 16:20
2nd period
5. Canadiens , Dave Scatchard 3 (Ruslan Fedotenko, Jamie Lundmark) at 19:11
Penalties :
Travis Zajac (STL) for Slashing (Minor) at 5:38, Viktor Kozlov (Mon) for Tripping (Minor) at 11:42, Brian Lee (STL) for High sticking (Minor) at 16:54
3rd period
6. Canadiens , Marek Svatos 31 (Mike York, Nicklas Lidstrom) at 2:10 (PP)
Penalties :
Jarome Iginla (STL) for Unsportsmanlike conduct (Major / Game Misconduct) at 0:43, Mike York (Mon) for High sticking (Minor) at 14:03, Michel Ouellet (Mon) for Hooking (Minor) at 17:10
Overtime #1
No Goal
Penalties :
No Penalty
Shootout
Penalty Shot by David Perron for Blues - Goal!
Penalty Shot by Patrick Marleau for Canadiens - Stopped by Tuukka Rask
Penalty Shot by Nik Antropov for Blues - Stopped by Rick DiPietro
Penalty Shot by Radim Vrbata for Canadiens - Stopped by Tuukka Rask
Penalty Shot by Michael Frolik for Blues - Shot Misses the Net
Penalty Shot by Mike Ribeiro for Canadiens - Stopped by Tuukka Rask
Penalties :
No Penalty
Goalie Stats
Tuukka Rask (STL), 20 saves from 23 shots - (0,870), W, 20-15-3, 65:00 minutes
Rick DiPietro (Mon), 27 saves from 30 shots - (0,900), OTL, 20-21-3, 65:00 minutes
Players Stats for Blues
Player Name G A P +/- PIM S H SB GA TA FO MP PP MP PK MP
------------------------------------------------------------------------------------
Andrew Cogliano 0 0 0 -1 0 2 0 0 0 1 2/5 9:48 0:00 0:45
Andy Sutton 0 0 0 0 0 1 0 2 1 0 0/0 15:43 0:00 0:44
Brian Lee 0 0 0 -1 2 2 1 0 1 0 0/0 20:26 3:51 0:44
Bryce Lampman 0 0 0 0 0 3 1 0 0 1 0/0 23:10 3:51 4:43
Dan Boyle 0 1 1 -1 0 2 2 3 1 1 0/0 28:10 6:42 3:30
David Perron 0 0 0 0 0 0 0 0 0 0 0/0 14:42 4:35 2:09
Drew Fata 0 0 0 0 0 1 0 1 1 1 0/0 15:04 0:00 3:30
Jamie Langenbrunner 0 1 1 1 0 4 0 0 0 1 1/2 20:38 4:35 2:25
Jarome Iginla 0 0 0 1 15 1 3 0 0 0 0/0 10:04 3:37 0:00
Kristopher Letang 0 1 1 1 0 1 0 0 2 0 0/0 27:44 6:42 4:43
Matthew Lombardi 0 0 0 -1 0 0 0 0 0 0 2/12 12:27 0:00 4:23
Michael Frolik 0 0 0 0 0 2 0 0 0 0 0/0 11:57 1:50 0:00
Nigel Dawes 0 0 0 -1 0 0 0 0 0 0 0/0 11:33 0:00 1:18
Nik Antropov 2 0 2 1 0 3 2 0 0 0 7/13 19:19 5:48 2:25
Paul Kariya 0 1 1 0 0 0 4 2 0 0 1/3 22:16 5:48 4:29
Petr Schastlivy 1 0 1 1 0 3 3 0 0 0 0/0 14:27 0:41 0:00
Sergei Shirokov 0 0 0 -1 0 0 1 0 1 0 1/1 13:03 0:10 0:00
Travis Zajac 0 1 1 1 2 5 4 1 1 0 15/22 20:29 4:35 0:00
Players Stats for Canadiens
Player Name G A P +/- PIM S H SB GA TA FO MP PP MP PK MP
------------------------------------------------------------------------------------
Chris Dingman 0 0 0 -1 0 0 0 1 0 0 0/0 11:22 0:00 2:02
Dave Scatchard 1 0 1 1 0 4 1 0 1 0 2/5 10:44 0:58 1:08
Dennis Wideman 0 0 0 0 0 0 1 0 0 1 0/0 22:56 4:57 4:27
Éric Desjardins 0 0 0 0 0 0 0 3 0 2 0/0 23:22 3:37 5:46
Jamie Lundmark 0 1 1 -1 0 0 2 0 0 1 3/5 11:23 0:00 2:59
Jeff Woywitka 0 0 0 -1 0 0 1 3 0 1 0/0 27:56 3:37 4:27
Marek Svatos 1 0 1 -1 0 4 0 0 2 0 1/2 17:27 3:53 0:00
Michel Ouellet 0 0 0 -1 2 2 2 0 0 0 0/0 10:57 0:58 1:55
Mike Ribeiro 0 1 1 1 0 2 0 1 1 0 3/8 19:14 3:53 2:24
Mike York 1 1 2 1 2 2 0 0 0 0 0/0 15:58 3:53 0:16
Nicklas Lidstrom 0 1 1 -1 2 0 1 1 0 0 0/0 24:05 5:20 0:20
Ossi Vaananen 0 0 0 1 0 0 1 2 1 0 0/0 17:56 0:00 5:46
Patrick Marleau 0 0 0 -1 0 4 1 0 0 2 0/0 25:05 4:06 5:41
Radim Vrbata 0 1 1 1 4 0 3 0 0 0 0/0 16:24 4:06 0:00
Ruslan Fedotenko 0 1 1 1 0 2 2 0 0 0 1/1 8:48 0:58 0:00
Ryan Callahan 0 0 0 1 0 1 1 0 0 1 0/0 8:49 0:00 0:00
Tomas Kloucek 0 0 0 1 0 0 3 3 0 0 0/0 13:19 0:23 0:20
Viktor Kozlov 0 0 0 -1 2 2 2 0 0 0 19/37 23:37 4:06 4:41
3 Stars
1 - Nik Antropov (STL)
2 - Petr Schastlivy (STL)
3 - Dave Scatchard (Mon)
Power Play
Blues - 1 on 6 Attempt(s) - 16,67%
Canadiens - 1 on 3 Attempt(s) - 33,33%
Penalty Kill
Blues - 2 on 3 Attempt(s) - 66,67%
- Score 0 goal in Penalty Kill
Canadiens - 5 on 6 Attempt(s) - 83,33%
- Score 0 goal in Penalty Kill
Official
Referees : StLaurent Francois and Devorski Paul
Linesman : Ryan Galloway and Vaughan Rody
Game Notes
Jarome Iginla ejected from game at 0:43 of 3rd period
Jarome Iginla from Blues is suspended for 2 game(s)
Finance
Level 1 -- Attendance: 5957 (99,28%) -- Ticket Income 506 345 $
Level 2 -- Attendance: 4409 (88,18%) -- Ticket Income 220 450 $
Level 3 -- Attendance: 1742 (87,10%) -- Ticket Income 50 518 $
Level 4 -- Attendance: 3032 (75,80%) -- Ticket Income 60 640 $
Luxury Box -- Attendance: 1000 (100,00%) -- Ticket Income 161 000 $
Game was played at the Centre Bell
Total Attendance: 16140 (89,67%)
Total Ticket Income: 998 953 $
Other Income: 149 843 $
Total Income: 1 148 796 $
Blues
5 vs 5 Forward
Center Left Wing Right Wing Time % Phy DF OF
1 Travis Zajac Petr Schastlivy Jamie Langenbrunner 40 1 2 2
2 Nik Antropov Paul Kariya Jarome Iginla 30 1 2 2
3 Matthew Lombardi David Perron Michael Frolik 20 1 2 2
4 Andrew Cogliano Nigel Dawes Sergei Shirokov 10 1 2 2
5 vs 5 Defense
Defense Defense Time % Phy DF OF
1 Dan Boyle Bryce Lampman 40 1 2 2
2 Drew Fata Kristopher Letang 30 1 2 2
3 Andy Sutton Brian Lee 20 1 2 2
4 Brian Lee Kristopher Letang 10 1 2 2
PowerPlay Forward
Center Left Wing Right Wing Time % Phy DF OF
1 Nik Antropov Paul Kariya Jarome Iginla 60 1 2 2
2 Travis Zajac David Perron Jamie Langenbrunner 40 1 2 2
PowerPlay Defense
Defense Defense Time % Phy DF OF
1 Dan Boyle Kristopher Letang 60 1 2 2
2 Brian Lee Bryce Lampman 40 1 2 2
Penalty Kill 4 Players Forward
Center Wing Time % Phy DF OF
1 Matthew Lombardi Paul Kariya 60 1 2 2
2 Nik Antropov Jamie Langenbrunner 40 1 2 2
Penalty Kill 4 Players Defense
Defense Defense Time % Phy DF OF
1 Bryce Lampman Kristopher Letang 60 1 2 2
2 Drew Fata Dan Boyle 40 1 2 2
Penalty Kill - 3 Players Forward
Forward Time % Phy DF OF
1 Nik Antropov 60 1 2 2
2 Matthew Lombardi 40 1 2 2
Penalty Kill - 3 Players Defense
Defense Defense Time % Phy DF OF
1 Andy Sutton Bryce Lampman 60 1 2 2
2 Dan Boyle Drew Fata 40 1 2 2
4 vs 4 Forward
Center Wing Time % Phy DF OF
1 Travis Zajac Paul Kariya 60 1 2 2
2 Nik Antropov Jarome Iginla 40 1 2 2
4 vs 4 Defense
Defense Defense Time % Phy DF OF
1 Dan Boyle Brian Lee 60 1 2 2
2 Kristopher Letang Andy Sutton 40 1 2 2
Last Minutes Offensive
Center Left Wing Right Wing Defense Defense
Travis Zajac Paul Kariya Jarome Iginla Dan Boyle Kristopher Letang
Last Minutes Defensive
Center Left Wing Right Wing Defense Defense
Nik Antropov Paul Kariya Jamie Langenbrunner Bryce Lampman Drew Fata
Goaltenders
Starting : Tuukka Rask
Backup : Tim Thomas
Extra Forwards
Normal : Sergei Shirokov, Michael Frolik, Nigel Dawes - PP : Michael Frolik, Petr Schastlivy - PK : David Perron
Extra Defensemen
Normal : Brian Lee, Andy Sutton, Kristopher Letang - PP : Andy Sutton - PK : Brian Lee, Dan Boyle
Penalty Shots
David Perron, Nik Antropov, Jarome Iginla, Michael Frolik, Paul Kariya
Canadiens
5 vs 5 Forward
Center Left Wing Right Wing Time % Phy DF OF
1 Viktor Kozlov Patrick Marleau Marek Svatos 40 1 2 2
2 Mike Ribeiro Mike York Radim Vrbata 30 1 2 2
3 Jamie Lundmark Chris Dingman Michel Ouellet 20 1 2 2
4 Dave Scatchard Ruslan Fedotenko Ryan Callahan 10 1 2 2
5 vs 5 Defense
Defense Defense Time % Phy DF OF
1 Nicklas Lidstrom Jeff Woywitka 40 1 2 2
2 Éric Desjardins Dennis Wideman 30 1 2 2
3 Tomas Kloucek Ossi Vaananen 20 1 2 2
4 Nicklas Lidstrom Jeff Woywitka 10 1 2 2
PowerPlay Forward
Center Left Wing Right Wing Time % Phy DF OF
1 Viktor Kozlov Patrick Marleau Radim Vrbata 60 1 2 2
2 Mike Ribeiro Mike York Marek Svatos 40 1 2 2
PowerPlay Defense
Defense Defense Time % Phy DF OF
1 Nicklas Lidstrom Dennis Wideman 60 1 2 2
2 Jeff Woywitka Éric Desjardins 40 1 2 2
Penalty Kill 4 Players Forward
Center Wing Time % Phy DF OF
1 Viktor Kozlov Patrick Marleau 60 1 2 2
2 Jamie Lundmark Michel Ouellet 40 1 2 2
Penalty Kill 4 Players Defense
Defense Defense Time % Phy DF OF
1 Éric Desjardins Ossi Vaananen 60 1 2 2
2 Dennis Wideman Jeff Woywitka 40 1 2 2
Penalty Kill - 3 Players Forward
Forward Time % Phy DF OF
1 Viktor Kozlov 60 1 2 2
2 Jamie Lundmark 40 1 2 2
Penalty Kill - 3 Players Defense
Defense Defense Time % Phy DF OF
1 Éric Desjardins Ossi Vaananen 60 1 2 2
2 Dennis Wideman Jeff Woywitka 40 1 2 2
4 vs 4 Forward
Center Wing Time % Phy DF OF
1 Mike Ribeiro Patrick Marleau 60 1 2 2
2 Viktor Kozlov Mike York 40 1 2 2
4 vs 4 Defense
Defense Defense Time % Phy DF OF
1 Jeff Woywitka Dennis Wideman 60 1 2 2
2 Nicklas Lidstrom Jeff Woywitka 40 1 2 2
Last Minutes Offensive
Center Left Wing Right Wing Defense Defense
Mike Ribeiro Patrick Marleau Marek Svatos Nicklas Lidstrom Dennis Wideman
Last Minutes Defensive
Center Left Wing Right Wing Defense Defense
Viktor Kozlov Patrick Marleau Marek Svatos Nicklas Lidstrom Jeff Woywitka
Goaltenders
Starting : Rick DiPietro
Backup : Mikael Tellqvist
Extra Forwards
Normal : Radim Vrbata, Ryan Callahan, Dave Scatchard - PP : Ruslan Fedotenko, Dave Scatchard - PK : Mike Ribeiro
Extra Defensemen
Normal : Éric Desjardins, Ossi Vaananen, Tomas Kloucek - PP : Tomas Kloucek - PK : Nicklas Lidstrom, Tomas Kloucek
Penalty Shots
Patrick Marleau, Radim Vrbata, Mike Ribeiro, Marek Svatos, Viktor Kozlov
% Time on Ice - Blues
Lines # - Real PCT - Wanted PCT - Time Play
Normal Forward
1 - 36% - 40% - 14:31
2 - 23% - 30% - 9:30
3 - 19% - 20% - 7:44
4 - 22% - 10% - 8:45
Normal Defense
1 - 39% - 40% - 15:59
2 - 28% - 30% - 11:31
3 - 29% - 20% - 11:55
4 - 3% - 10% - 1:05
PP Forward
1 - 57% - 60% - 5:58
2 - 43% - 40% - 4:35
PP Defense
1 - 64% - 60% - 6:42
2 - 36% - 40% - 3:51
PK Forward
1 - 73% - 60% - 6:32
2 - 27% - 40% - 2:25
PK Defense
1 - 59% - 60% - 5:15
2 - 41% - 40% - 3:42
PK3 Forward
1 - 0% - 60%
2 - 0% - 40%
PK3 Defense
1 - 0% - 60%
2 - 0% - 40%
44 Forward
1 - 65% - 60% - 3:16
2 - 35% - 40% - 1:44
44 Defense
1 - 52% - 60% - 2:37
2 - 48% - 40% - 2:23
Last Minute Offensive - 0:00
Last Minute Defensive - 0:00
Total
Forward - 65:00
Defense - 65:00
|
% Time on Ice - Canadiens
Lines # - Real PCT - Wanted PCT - Time Play
Normal Forward
1 - 36% - 40% - 14:31
2 - 27% - 30% - 10:59
3 - 18% - 20% - 7:26
4 - 19% - 10% - 7:34
Normal Defense
1 - 43% - 40% - 17:27
2 - 28% - 30% - 11:09
3 - 28% - 20% - 11:15
4 - 2% - 10% - 0:39
PP Forward
1 - 57% - 60% - 5:04
2 - 43% - 40% - 3:53
PP Defense
1 - 60% - 60% - 5:20
2 - 40% - 40% - 3:37
PK Forward
1 - 75% - 60% - 7:52
2 - 25% - 40% - 2:41
PK Defense
1 - 58% - 60% - 6:06
2 - 42% - 40% - 4:27
PK3 Forward
1 - 0% - 60%
2 - 0% - 40%
PK3 Defense
1 - 0% - 60%
2 - 0% - 40%
44 Forward
1 - 78% - 60% - 3:54
2 - 22% - 40% - 1:06
44 Defense
1 - 62% - 60% - 3:05
2 - 38% - 40% - 1:55
Last Minute Offensive - 0:00
Last Minute Defensive - 0:00
Total
Forward - 65:00
Defense - 65:00
|
Play by Play
1st period
0:01 of 1st period - Travis Zajac wins face-off versus Viktor Kozlov in neutral zone.
0:31 of 1st period - Icing by Bryce Lampman.
0:32 of 1st period - Jamie Lundmark wins face-off versus Nik Antropov in Blues zone.
0:33 of 1st period - Slapshot by Dennis Wideman.
0:33 of 1st period - Shot Misses the Net.
0:35 of 1st period - Wrist shot by Dennis Wideman.
0:35 of 1st period - Shot Misses the Net.
0:45 of 1st period - Wrist shot by Chris Dingman.
0:45 of 1st period - Shot Blocked by Dan Boyle.
0:47 of 1st period - Wrist shot by Michel Ouellet.
0:47 of 1st period - Stopped by Tuukka Rask without a rebound.
0:48 of 1st period - Dave Scatchard wins face-off versus Matthew Lombardi in Blues zone.
1:15 of 1st period - Mike York is hit by Petr Schastlivy and loses puck.
1:24 of 1st period - Travis Zajac is hit by Tomas Kloucek and loses puck.
2:04 of 1st period - Snap shot by Patrick Marleau.
2:04 of 1st period - Deflect By Viktor Kozlov.
2:04 of 1st period - Stopped by Tuukka Rask without a rebound.
2:05 of 1st period - Andrew Cogliano wins face-off versus Viktor Kozlov in Blues zone.
2:18 of 1st period - Wrist shot by Patrick Marleau.
2:18 of 1st period - Stopped by Tuukka Rask without a rebound.
2:19 of 1st period - Travis Zajac wins face-off versus Viktor Kozlov in Blues zone.
2:24 of 1st period - Backhand shot by Travis Zajac.
2:24 of 1st period - Stopped by Rick DiPietro with a rebound.
2:26 of 1st period - Slapshot by Drew Fata.
2:26 of 1st period - Stopped by Rick DiPietro without a rebound.
2:27 of 1st period - Travis Zajac wins face-off versus Marek Svatos in Canadiens zone.
3:04 of 1st period - Snap shot by Chris Dingman.
3:04 of 1st period - Shot Misses the Net.
3:24 of 1st period - Snap shot by Paul Kariya.
3:24 of 1st period - Shot Misses the Net.
3:31 of 1st period - Icing by Dennis Wideman.
3:32 of 1st period - Travis Zajac wins face-off versus Dave Scatchard in Canadiens zone.
3:33 of 1st period - Snap shot by Jamie Langenbrunner.
3:33 of 1st period - Shot Blocked by Éric Desjardins.
3:46 of 1st period - Icing by Andy Sutton.
3:47 of 1st period - Viktor Kozlov wins face-off versus Travis Zajac in Blues zone.
3:50 of 1st period - Snap shot by Marek Svatos.
3:50 of 1st period - Stopped by Tuukka Rask with a rebound.
3:56 of 1st period - Slapshot by Travis Zajac.
3:56 of 1st period - Stopped by Rick DiPietro with a rebound.
3:58 of 1st period - Snap shot by Petr Schastlivy.
3:58 of 1st period - Stopped by Rick DiPietro with a rebound.
4:00 of 1st period - Wrist shot by Petr Schastlivy.
4:00 of 1st period - Shot Misses the Net.
4:02 of 1st period - Snap shot by Jamie Langenbrunner.
4:02 of 1st period - Shot Blocked by Jeff Woywitka.
4:12 of 1st period - Wrist shot by Travis Zajac.
4:12 of 1st period - Shot Blocked by Jeff Woywitka.
4:14 of 1st period - Slapshot by Petr Schastlivy.
4:14 of 1st period - Deflect By Jeff Woywitka.
4:14 of 1st period - Stopped by Rick DiPietro without a rebound.
4:15 of 1st period - Jamie Lundmark wins face-off versus Matthew Lombardi in Canadiens zone.
4:27 of 1st period - Slapshot by Dan Boyle.
4:27 of 1st period - Shot Hit the Post.
4:41 of 1st period - Dennis Wideman is hit by Jarome Iginla and loses puck.
5:06 of 1st period - Patrick Marleau is hit by Petr Schastlivy and loses puck.
5:11 of 1st period - Snap shot by Jamie Langenbrunner.
5:11 of 1st period - Stopped by Rick DiPietro without a rebound.
5:12 of 1st period - Viktor Kozlov wins face-off versus Andrew Cogliano in Canadiens zone.
5:21 of 1st period - Dan Boyle is hit by Viktor Kozlov and loses puck.
5:57 of 1st period - Chris Dingman is hit by Paul Kariya and loses puck.
6:02 of 1st period - Wrist shot by Paul Kariya.
6:02 of 1st period - Shot Blocked by Tomas Kloucek.
6:18 of 1st period - David Perron is hit by Ruslan Fedotenko.
7:20 of 1st period - Slapshot by Dan Boyle.
7:20 of 1st period - Shot Blocked by Chris Dingman.
7:22 of 1st period - Snap shot by Nik Antropov.
7:22 of 1st period - Shot Misses the Net.
8:38 of 1st period - Double Minor Penalty to Radim Vrbata for Slashing.
8:39 of 1st period - Viktor Kozlov wins face-off versus Nik Antropov in Canadiens zone.
9:01 of 1st period - Icing by Nik Antropov.
9:02 of 1st period - Viktor Kozlov wins face-off versus Nik Antropov in Blues zone.
9:11 of 1st period - Patrick Marleau is hit by Nik Antropov and loses puck.
9:16 of 1st period - Wrist shot by Nik Antropov.
9:16 of 1st period - Goal by Nik Antropov - Blues : 1 - Canadiens : 0.
9:17 of 1st period - Nik Antropov wins face-off versus Viktor Kozlov in neutral zone.
9:43 of 1st period - Patrick Marleau is hit by Travis Zajac and loses puck.
11:16 of 1st period - Penalty to Radim Vrbata is over, Radim Vrbata is back on ice.
11:32 of 1st period - Wrist shot by Sergei Shirokov.
11:32 of 1st period - Deflect By Andrew Cogliano.
11:32 of 1st period - Stopped by Rick DiPietro without a rebound.
11:33 of 1st period - Andrew Cogliano wins face-off versus Mike Ribeiro in Canadiens zone.
12:40 of 1st period - Bryce Lampman is hit by Michel Ouellet and loses puck.
12:49 of 1st period - Jamie Lundmark is hit by Dan Boyle and loses puck.
13:02 of 1st period - Sergei Shirokov is hit by Tomas Kloucek and loses puck.
13:09 of 1st period - Wrist shot by Mike Ribeiro.
13:09 of 1st period - Deflect By Mike York.
13:09 of 1st period - Goal by Mike York - Blues : 1 - Canadiens : 1.
13:10 of 1st period - Travis Zajac wins face-off versus Viktor Kozlov in neutral zone.
13:43 of 1st period - Snap shot by Viktor Kozlov.
13:43 of 1st period - Stopped by Tuukka Rask without a rebound.
13:44 of 1st period - Nik Antropov wins face-off versus Jamie Lundmark in Blues zone.
13:53 of 1st period - Snap shot by Kristopher Letang.
13:53 of 1st period - Shot Misses the Net.
13:55 of 1st period - Snap shot by Nik Antropov.
13:55 of 1st period - Goal by Nik Antropov - Blues : 2 - Canadiens : 1.
13:56 of 1st period - Viktor Kozlov wins face-off versus Travis Zajac in neutral zone.
15:03 of 1st period - Snap shot by Patrick Marleau.
15:03 of 1st period - Shot Blocked by Drew Fata.
15:47 of 1st period - Wrist shot by Kristopher Letang.
15:47 of 1st period - Stopped by Rick DiPietro without a rebound.
15:48 of 1st period - Mike Ribeiro wins face-off versus Matthew Lombardi in Canadiens zone.
15:55 of 1st period - Wrist shot by Michael Frolik.
15:55 of 1st period - Shot Blocked by Mike Ribeiro.
16:03 of 1st period - Slapshot by Brian Lee.
16:03 of 1st period - Stopped by Rick DiPietro without a rebound.
16:04 of 1st period - Travis Zajac wins face-off versus Viktor Kozlov in Canadiens zone.
16:17 of 1st period - Snap shot by Petr Schastlivy.
16:17 of 1st period - Goal by Petr Schastlivy - Blues : 3 - Canadiens : 1.
16:18 of 1st period - Viktor Kozlov wins face-off versus Travis Zajac in neutral zone.
16:20 of 1st period - Minor Penalty to Nicklas Lidstrom for Tripping.
16:21 of 1st period - Nik Antropov wins face-off versus Viktor Kozlov in Canadiens zone.
18:20 of 1st period - Penalty to Nicklas Lidstrom is over, Nicklas Lidstrom is back on ice.
19:03 of 1st period - David Perron is hit by Michel Ouellet and loses puck.
19:32 of 1st period - Jamie Langenbrunner is hit by Radim Vrbata and loses puck.
Goals for this period are 3 for Blues vs 1 for Canadiens.
Shots for this period are 12 for Blues vs 6 for Canadiens.
2nd period
0:01 of 2nd period - Travis Zajac wins face-off versus Viktor Kozlov in neutral zone.
0:36 of 2nd period - Nicklas Lidstrom is hit by Jarome Iginla and loses puck.
1:55 of 2nd period - Paul Kariya is hit by Jamie Lundmark and loses puck.
2:04 of 2nd period - Slapshot by Paul Kariya.
2:04 of 2nd period - Shot Hit the Post.
2:06 of 2nd period - Wrist shot by Jarome Iginla.
2:06 of 2nd period - Stopped by Rick DiPietro without a rebound.
2:07 of 2nd period - Viktor Kozlov wins face-off versus Matthew Lombardi in Canadiens zone.
2:36 of 2nd period - Bryce Lampman is hit by Radim Vrbata and loses puck.
2:55 of 2nd period - Jamie Lundmark is hit by Bryce Lampman and loses puck.
3:00 of 2nd period - Slapshot by Andrew Cogliano.
3:00 of 2nd period - Stopped by Rick DiPietro without a rebound.
3:01 of 2nd period - Viktor Kozlov wins face-off versus Andrew Cogliano in Canadiens zone.
4:23 of 2nd period - Viktor Kozlov is hit by Travis Zajac and loses puck.
4:29 of 2nd period - Off-side.
4:30 of 2nd period - Viktor Kozlov wins face-off versus Travis Zajac in neutral zone.
4:43 of 2nd period - Wrist shot by Patrick Marleau.
4:43 of 2nd period - Stopped by Tuukka Rask without a rebound.
4:44 of 2nd period - Nik Antropov wins face-off versus Viktor Kozlov in Blues zone.
4:49 of 2nd period - Viktor Kozlov is hit by Paul Kariya and loses puck.
5:12 of 2nd period - Icing by Mike Ribeiro.
5:13 of 2nd period - Mike Ribeiro wins face-off versus Matthew Lombardi in Canadiens zone.
5:23 of 2nd period - Off-side.
5:24 of 2nd period - Viktor Kozlov wins face-off versus Travis Zajac in neutral zone.
5:34 of 2nd period - Wrist shot by Marek Svatos.
5:34 of 2nd period - Deflect By Travis Zajac.
5:34 of 2nd period - Shot Misses the Net.
5:34 of 2nd period - Puck is out of play.
5:35 of 2nd period - Viktor Kozlov wins face-off versus Travis Zajac in Blues zone.
5:36 of 2nd period - Snap shot by Patrick Marleau.
5:36 of 2nd period - Shot Misses the Net.
5:38 of 2nd period - Minor Penalty to Travis Zajac for Slashing.
5:39 of 2nd period - Viktor Kozlov wins face-off versus Matthew Lombardi in Blues zone.
5:40 of 2nd period - Snap shot by Radim Vrbata.
5:40 of 2nd period - Shot Misses the Net.
7:38 of 2nd period - Penalty to Travis Zajac is over, Travis Zajac is back on ice.
7:51 of 2nd period - Jamie Lundmark is hit by Petr Schastlivy and loses puck.
8:12 of 2nd period - Snap shot by Nigel Dawes.
8:12 of 2nd period - Shot Misses the Net.
8:32 of 2nd period - Slapshot by Brian Lee.
8:32 of 2nd period - Stopped by Rick DiPietro with a rebound.
9:45 of 2nd period - Kristopher Letang is hit by Nicklas Lidstrom and loses puck.
10:00 of 2nd period - Wrist shot by Jamie Langenbrunner.
10:00 of 2nd period - Stopped by Rick DiPietro with a rebound.
10:16 of 2nd period - Snap shot by Michael Frolik.
10:16 of 2nd period - Shot Misses the Net.
10:34 of 2nd period - Éric Desjardins is hit by Paul Kariya and loses puck.
10:50 of 2nd period - Mike Ribeiro is hit by Dan Boyle.
11:20 of 2nd period - Slapshot by Bryce Lampman.
11:20 of 2nd period - Stopped by Rick DiPietro without a rebound.
11:21 of 2nd period - Viktor Kozlov wins face-off versus Matthew Lombardi in Canadiens zone.
11:26 of 2nd period - Backhand shot by Marek Svatos.
11:26 of 2nd period - Shot Misses the Net.
11:34 of 2nd period - Snap shot by Michael Frolik.
11:34 of 2nd period - Shot Blocked by Tomas Kloucek.
11:36 of 2nd period - Snap shot by David Perron.
11:36 of 2nd period - Shot Blocked by Ossi Vaananen.
11:42 of 2nd period - Minor Penalty to Viktor Kozlov for Tripping.
11:43 of 2nd period - Nik Antropov wins face-off versus Mike Ribeiro in Canadiens zone.
12:08 of 2nd period - Dave Scatchard is hit by Travis Zajac and loses puck.
12:17 of 2nd period - Snap shot by Travis Zajac.
12:17 of 2nd period - Stopped by Rick DiPietro with a rebound.
12:33 of 2nd period - Chris Dingman is hit by Nik Antropov and loses puck.
13:17 of 2nd period - David Perron is hit by Jamie Lundmark and loses puck.
13:42 of 2nd period - Penalty to Viktor Kozlov is over, Viktor Kozlov is back on ice.
14:36 of 2nd period - Wrist shot by Mike York.
14:36 of 2nd period - Shot Blocked by Andy Sutton.
14:38 of 2nd period - Slapshot by Mike Ribeiro.
14:38 of 2nd period - Stopped by Tuukka Rask with a rebound.
16:12 of 2nd period - Nik Antropov is hit by Ruslan Fedotenko and loses puck.
16:54 of 2nd period - Minor Penalty to Brian Lee for High sticking.
16:55 of 2nd period - Viktor Kozlov wins face-off versus Matthew Lombardi in Blues zone.
17:18 of 2nd period - Matthew Lombardi is hit by Dennis Wideman and loses puck.
17:23 of 2nd period - Snap shot by Mike York.
17:23 of 2nd period - Shot Misses the Net.
17:25 of 2nd period - Snap shot by Mike Ribeiro.
17:25 of 2nd period - Deflect By Marek Svatos.
17:25 of 2nd period - Shot Misses the Net.
17:25 of 2nd period - Puck is out of play.
17:26 of 2nd period - Paul Kariya wins face-off versus Viktor Kozlov in Blues zone.
18:05 of 2nd period - Snap shot by Mike York.
18:05 of 2nd period - Deflect By Marek Svatos.
18:05 of 2nd period - Stopped by Tuukka Rask with a rebound.
18:54 of 2nd period - Penalty to Brian Lee is over, Brian Lee is back on ice.
19:05 of 2nd period - Wrist shot by Dave Scatchard.
19:05 of 2nd period - Stopped by Tuukka Rask with a rebound.
19:07 of 2nd period - Slapshot by Ruslan Fedotenko.
19:07 of 2nd period - Shot Blocked by Dan Boyle.
19:09 of 2nd period - Snap shot by Ruslan Fedotenko.
19:09 of 2nd period - Shot Blocked by Dan Boyle.
19:11 of 2nd period - Snap shot by Dave Scatchard.
19:11 of 2nd period - Goal by Dave Scatchard - Blues : 3 - Canadiens : 2.
19:12 of 2nd period - Travis Zajac wins face-off versus Viktor Kozlov in neutral zone.
19:58 of 2nd period - Mike York is hit by Jarome Iginla and loses puck.
Goals for this period are 0 for Blues vs 1 for Canadiens.
Shots for this period are 6 for Blues vs 5 for Canadiens.
3rd period
0:01 of 3rd period - Travis Zajac wins face-off versus Viktor Kozlov in neutral zone.
0:36 of 3rd period - Wrist shot by Mike Ribeiro.
0:36 of 3rd period - Stopped by Tuukka Rask without a rebound.
0:37 of 3rd period - Viktor Kozlov wins face-off versus Nik Antropov in Blues zone.
0:43 of 3rd period - Major / Game Misconduct Penalty to Jarome Iginla for Unsportsmanlike conduct.
0:43 of 3rd period - Jarome Iginla is ejected from game.
0:44 of 3rd period - Matthew Lombardi wins face-off versus Viktor Kozlov in Blues zone.
0:52 of 3rd period - Slapshot by Dennis Wideman.
0:52 of 3rd period - Shot Blocked by Paul Kariya.
0:54 of 3rd period - Snap shot by Patrick Marleau.
0:54 of 3rd period - Stopped by Tuukka Rask with a rebound.
0:56 of 3rd period - Snap shot by Patrick Marleau.
0:56 of 3rd period - Shot Misses the Net.
0:58 of 3rd period - Wrist shot by Radim Vrbata.
0:58 of 3rd period - Shot Blocked by Paul Kariya.
1:00 of 3rd period - Wrist shot by Patrick Marleau.
1:00 of 3rd period - Stopped by Tuukka Rask without a rebound.
1:01 of 3rd period - Viktor Kozlov wins face-off versus Paul Kariya in Blues zone.
1:10 of 3rd period - Snap shot by Radim Vrbata.
1:10 of 3rd period - Shot Misses the Net.
1:34 of 3rd period - Slapshot by Nicklas Lidstrom.
1:34 of 3rd period - Shot Misses the Net.
2:06 of 3rd period - Wrist shot by Marek Svatos.
2:06 of 3rd period - Shot Misses the Net.
2:08 of 3rd period - Slapshot by Mike York.
2:08 of 3rd period - Stopped by Tuukka Rask with a rebound.
2:10 of 3rd period - Wrist shot by Marek Svatos.
2:10 of 3rd period - Goal by Marek Svatos - Blues : 3 - Canadiens : 3.
2:11 of 3rd period - Viktor Kozlov wins face-off versus Matthew Lombardi in neutral zone.
3:32 of 3rd period - Kristopher Letang is hit by Jeff Woywitka and loses puck.
5:16 of 3rd period - Icing by Dave Scatchard.
5:17 of 3rd period - Ruslan Fedotenko wins face-off versus Andrew Cogliano in Canadiens zone.
5:22 of 3rd period - Snap shot by Dave Scatchard.
5:22 of 3rd period - Stopped by Tuukka Rask with a rebound.
5:43 of 3rd period - Penalty to Jarome Iginla is over, Jamie Langenbrunner is send on ice.
5:58 of 3rd period - Snap shot by Ruslan Fedotenko.
5:58 of 3rd period - Stopped by Tuukka Rask without a rebound.
5:59 of 3rd period - Jamie Langenbrunner wins face-off versus Viktor Kozlov in Blues zone.
6:14 of 3rd period - Snap shot by Patrick Marleau.
6:14 of 3rd period - Shot Blocked by Travis Zajac.
6:27 of 3rd period - Icing by Patrick Marleau.
6:28 of 3rd period - Mike Ribeiro wins face-off versus Nik Antropov in Canadiens zone.
6:57 of 3rd period - Wrist shot by Tomas Kloucek.
6:57 of 3rd period - Deflect By Marek Svatos.
6:57 of 3rd period - Stopped by Tuukka Rask without a rebound.
6:58 of 3rd period - Travis Zajac wins face-off versus Viktor Kozlov in Blues zone.
6:58 of 3rd period - Travis Zajac is hit by Patrick Marleau.
7:15 of 3rd period - Icing by Drew Fata.
7:16 of 3rd period - Travis Zajac wins face-off versus Mike Ribeiro in Blues zone.
8:02 of 3rd period - Snap shot by Jamie Lundmark.
8:02 of 3rd period - Deflect By Michel Ouellet.
8:02 of 3rd period - Stopped by Tuukka Rask without a rebound.
8:03 of 3rd period - Matthew Lombardi wins face-off versus Jamie Lundmark in Blues zone.
8:52 of 3rd period - Slapshot by Ruslan Fedotenko.
8:52 of 3rd period - Stopped by Tuukka Rask without a rebound.
8:53 of 3rd period - Dave Scatchard wins face-off versus Nik Antropov in Blues zone.
8:54 of 3rd period - Wrist shot by Ruslan Fedotenko.
8:54 of 3rd period - Shot Misses the Net.
9:06 of 3rd period - Snap shot by Ryan Callahan.
9:06 of 3rd period - Stopped by Tuukka Rask without a rebound.
9:07 of 3rd period - Marek Svatos wins face-off versus Jamie Langenbrunner in Blues zone.
9:08 of 3rd period - Snap shot by Patrick Marleau.
9:08 of 3rd period - Shot Misses the Net.
9:16 of 3rd period - Slapshot by Bryce Lampman.
9:16 of 3rd period - Shot Blocked by Jeff Woywitka.
9:18 of 3rd period - Snap shot by Jamie Langenbrunner.
9:18 of 3rd period - Deflect By Travis Zajac.
9:18 of 3rd period - Stopped by Rick DiPietro with a rebound.
10:11 of 3rd period - Dave Scatchard is hit by Travis Zajac and loses puck.
10:16 of 3rd period - Snap shot by Jamie Langenbrunner.
10:16 of 3rd period - Stopped by Rick DiPietro with a rebound.
11:00 of 3rd period - Snap shot by Sergei Shirokov.
11:00 of 3rd period - Shot Misses the Net.
11:02 of 3rd period - Slapshot by Bryce Lampman.
11:02 of 3rd period - Stopped by Rick DiPietro with a rebound.
11:04 of 3rd period - Wrist shot by Nigel Dawes.
11:04 of 3rd period - Shot Misses the Net.
11:06 of 3rd period - Wrist shot by Dan Boyle.
11:06 of 3rd period - Shot Blocked by Éric Desjardins.
11:08 of 3rd period - Wrist shot by Sergei Shirokov.
11:08 of 3rd period - Shot Misses the Net.
11:47 of 3rd period - Nik Antropov is hit by Tomas Kloucek and loses puck.
12:00 of 3rd period - Wrist shot by Ruslan Fedotenko.
12:00 of 3rd period - Deflect By Dave Scatchard.
12:00 of 3rd period - Shot Misses the Net.
12:00 of 3rd period - Puck is out of play.
12:01 of 3rd period - Travis Zajac wins face-off versus Dave Scatchard in Blues zone.
12:06 of 3rd period - Slapshot by Dan Boyle.
12:06 of 3rd period - Stopped by Rick DiPietro without a rebound.
12:07 of 3rd period - Viktor Kozlov wins face-off versus Travis Zajac in Canadiens zone.
12:50 of 3rd period - Snap shot by Jamie Langenbrunner.
12:50 of 3rd period - Stopped by Rick DiPietro without a rebound.
12:51 of 3rd period - Nik Antropov wins face-off versus Viktor Kozlov in Canadiens zone.
12:56 of 3rd period - Wrist shot by Nik Antropov.
12:56 of 3rd period - Stopped by Rick DiPietro with a rebound.
13:24 of 3rd period - Snap shot by Michael Frolik.
13:24 of 3rd period - Shot Blocked by Nicklas Lidstrom.
13:26 of 3rd period - Snap shot by Michael Frolik.
13:26 of 3rd period - Stopped by Rick DiPietro with a rebound.
13:52 of 3rd period - Nik Antropov is hit by Radim Vrbata and loses puck.
14:03 of 3rd period - Minor Penalty to Mike York for High sticking.
14:04 of 3rd period - Viktor Kozlov wins face-off versus Paul Kariya in Canadiens zone.
14:30 of 3rd period - Snap shot by Travis Zajac.
14:30 of 3rd period - Stopped by Rick DiPietro with a rebound.
14:32 of 3rd period - Slapshot by Brian Lee.
14:32 of 3rd period - Shot Blocked by Ossi Vaananen.
14:34 of 3rd period - Slapshot by Bryce Lampman.
14:34 of 3rd period - Stopped by Rick DiPietro without a rebound.
14:35 of 3rd period - Travis Zajac wins face-off versus Viktor Kozlov in Canadiens zone.
15:49 of 3rd period - Dan Boyle is hit by Ossi Vaananen and loses puck.
16:03 of 3rd period - Penalty to Mike York is over, Mike York is back on ice.
16:59 of 3rd period - Snap shot by Nigel Dawes.
16:59 of 3rd period - Shot Blocked by Éric Desjardins.
17:01 of 3rd period - Backhand shot by Andy Sutton.
17:01 of 3rd period - Deflect By Ossi Vaananen.
17:01 of 3rd period - Stopped by Rick DiPietro without a rebound.
17:02 of 3rd period - Jamie Lundmark wins face-off versus Matthew Lombardi in Canadiens zone.
17:10 of 3rd period - Minor Penalty to Michel Ouellet for Hooking.
17:11 of 3rd period - Nik Antropov wins face-off versus Viktor Kozlov in Canadiens zone.
17:27 of 3rd period - Wrist shot by Nik Antropov.
17:27 of 3rd period - Deflect By Michael Frolik.
17:27 of 3rd period - Stopped by Rick DiPietro with a rebound.
19:07 of 3rd period - Slapshot by Dan Boyle.
19:07 of 3rd period - Stopped by Rick DiPietro with a rebound.
19:09 of 3rd period - Snap shot by Kristopher Letang.
19:09 of 3rd period - Shot Blocked by Tomas Kloucek.
19:10 of 3rd period - Penalty to Michel Ouellet is over, Michel Ouellet is back on ice.
19:36 of 3rd period - Petr Schastlivy is hit by Ryan Callahan and loses puck.
Goals for this period are 0 for Blues vs 1 for Canadiens.
Shots for this period are 12 for Blues vs 11 for Canadiens.
Overtime #1
0:01 of 1st overtime period - Travis Zajac wins face-off versus Mike Ribeiro in neutral zone.
0:04 of 1st overtime period - Dennis Wideman is hit by Brian Lee and loses puck.
0:33 of 1st overtime period - Mike Ribeiro is hit by Paul Kariya and loses puck.
0:46 of 1st overtime period - Nicklas Lidstrom is hit by Sergei Shirokov and loses puck.
1:38 of 1st overtime period - Icing by Dennis Wideman.
1:39 of 1st overtime period - Sergei Shirokov wins face-off versus Dave Scatchard in Canadiens zone.
1:48 of 1st overtime period - Andy Sutton is hit by Dave Scatchard and loses puck.
2:43 of 1st overtime period - Brian Lee is hit by Viktor Kozlov and loses puck.
3:32 of 1st overtime period - Snap shot by Dave Scatchard.
3:32 of 1st overtime period - Stopped by Tuukka Rask with a rebound.
3:34 of 1st overtime period - Wrist shot by Dave Scatchard.
3:34 of 1st overtime period - Deflect By Chris Dingman.
3:34 of 1st overtime period - Shot Misses the Net.
3:34 of 1st overtime period - Puck is out of play.
3:35 of 1st overtime period - Travis Zajac wins face-off versus Mike Ribeiro in Blues zone.
3:56 of 1st overtime period - Wrist shot by Mike York.
3:56 of 1st overtime period - Shot Misses the Net.
4:45 of 1st overtime period - Wrist shot by Radim Vrbata.
4:45 of 1st overtime period - Shot Blocked by Andy Sutton.
4:47 of 1st overtime period - Wrist shot by Ryan Callahan.
4:47 of 1st overtime period - Shot Misses the Net.
Goals for this period are 0 for Blues vs 0 for Canadiens.
Shots for this period are 0 for Blues vs 1 for Canadiens.
ShootOut
5:00 of 1st overtime period - Penalty Shot by David Perron for Blues.
5:00 of 1st overtime period - Backhand shot by David Perron.
5:00 of 1st overtime period - Goal by David Perron.
5:00 of 1st overtime period - Penalty Shot by Patrick Marleau for Canadiens.
5:00 of 1st overtime period - Deke by Patrick Marleau.
5:00 of 1st overtime period - Stopped by Tuukka Rask.
5:00 of 1st overtime period - Penalty Shot by Nik Antropov for Blues.
5:00 of 1st overtime period - Wrist shot by Nik Antropov.
5:00 of 1st overtime period - Stopped by Rick DiPietro.
5:00 of 1st overtime period - Penalty Shot by Radim Vrbata for Canadiens.
5:00 of 1st overtime period - Snap shot by Radim Vrbata.
5:00 of 1st overtime period - Stopped by Tuukka Rask.
5:00 of 1st overtime period - Penalty Shot by Michael Frolik for Blues.
5:00 of 1st overtime period - Deke by Michael Frolik.
5:00 of 1st overtime period - Shot Misses the Net.
5:00 of 1st overtime period - Penalty Shot by Mike Ribeiro for Canadiens.
5:00 of 1st overtime period - Backhand shot by Mike Ribeiro.
5:00 of 1st overtime period - Stopped by Tuukka Rask.
Output by the SimonT Hockey Simulator (STHS) for François Prévost -- Original Page W3C XHTML 1.0 Valid